 Dungeon Crawl Stone Soup version 0.30-a0-1043-g60ff8d5f49 (webtiles) character file.

Game seed: 9860539422499391222

428 xian the Chopper (level 6, -2/57 HPs)
             Began as a Naga Fighter on Apr 11, 2023.
             Splashed by a jelly's acid (7 damage)
             ... on level 4 of the Dungeon.
             The game lasted 00:05:06 (2892 turns).

xian the Chopper (Naga Fighter)                     Turns: 2892, Time: 00:05:06

Health: -2/57      AC: -9    Str: 20    XL:     6   Next: 98%
Magic:  6/6        EV:  7    Int:  8    God:
Gold:   138        SH:  4    Dex: 11    Spells: 5/5 levels left

rFire   x . .      SeeInvis +    a - +0 war axe
rCold   + . .      Faith    .    c - +0 buckler
rNeg    + . .      Spirit   .    b - +0 scale mail
rPois   +          Reflect  .    (no helmet)
rElec   .          Rampage  .    (no cloak)
rCorr   .                        (no gloves)
Will    .....                    (no barding) Stlth
                                 (no amulet)
HPRegen 0.29/turn                u - ring of positive energy
MPRegen 0.10/turn                o - ring of ice

@: corroded, very slow
A: AC +2, large, see invisible, deformed body, poison resistance, slowness 2,
spit poison 1, naga tail 1
a: Spit Poison


You were on level 4 of the Dungeon.
You visited 1 branch of the dungeon, and saw 4 of its levels.

You collected 138 gold pieces.

Inventory:

Hand Weapons
 a - a +0 war axe (weapon)
Missiles
 j - 19 stones
 A - 2 poisoned darts
Armour
 b - a +0 scale mail (worn)
 c - a +0 buckler (worn)
Magical Staves
 p - a staff of death
Jewellery
 n - a ring of fire
 o - a ring of ice (right hand)
 q - a ring of protection from cold
 u - a ring of positive energy (left hand)
Scrolls
 e - 2 scrolls of blinking {unknown}
 f - 5 scrolls of amnesia
 i - a scroll of butterflies {unknown}
 s - a scroll of noise {unknown}
 t - a scroll of immolation {unknown}
 v - a scroll of teleportation {unknown}
 x - a scroll of fog {unknown}
 y - 2 scrolls of identify {unknown}
 B - a scroll of magic mapping {unknown}
Potions
 d - 2 potions of experience {unknown}
 g - 4 potions of lignification {unknown}
 h - 2 potions of cancellation {unknown}
 k - 3 potions of brilliance {unknown}
 l - a potion of flight {unknown}
 m - 2 potions of haste {unknown}
 r - a potion of degeneration {unknown}
 w - 2 potions of curing {unknown}
 z - a potion of heal wounds {unknown}


   Skills:
 + Level 4.0 Fighting
 + Level 4.5 Axes
 + Level 3.9 Armour
 + Level 1.0 Dodging
 + Level 0.9 Stealth
 + Level 3.4 Shields


You had 5 spell levels left.
You didn't know any spells.
Your spell library contained the following spells:

 Spells                   Type           Power      Damage    Failure   Level
 Ignite Poison            Fire/Tmut/Pois 0%         N/A       99%         3
 Sticky Flame             Conj/Fire      0%         2d3       100%        4
 Ignition                 Fire           0%         3d3       100%        8


Dungeon Overview and Level Annotations

Branches:
Dungeon (4/15)
 Temple: D:4-7

Altars:


Innate Abilities, Weirdness & Mutations

Your serpentine skin is tough. (AC +2)
You have supernaturally acute eyesight. (SInv)
Armour fits poorly on your strangely shaped body.
Your system is resistant to poisons. (rPois)
You cover ground very slowly.
You can spit poison.
You have a snake-like lower body.


Message History

The splash of poison hits the hobgoblin!
You kill the hobgoblin!
You have got your breath back.
A giant cockroach comes into view.
The splash of poison hits the giant cockroach but does no damage.
A giant cockroach is nearby!
You hit the giant cockroach.
The giant cockroach is moderately wounded.
The giant cockroach bites you.
You slash the giant cockroach!
You kill the giant cockroach!
You have got your breath back.
A jelly comes into view.
The splash of poison hits the jelly.
The jelly is lightly wounded.
Items here: ))) [[ †.
You can't do that yet.
You have got your breath back.
The jelly hits you but does no damage. The jelly hits you.
The acid corrodes you!
You are splashed with acid!
You barely miss the jelly. The jelly hits you. The acid corrodes you!
You are splashed with acid!
You hit the jelly but do no damage. The acid corrodes you!
Your hands burn!
You block the jelly's attack.
You hit the jelly but do no damage.
Your hands burn!
You block the jelly's attack. x2
You barely miss the jelly. The jelly closely misses you.
Unknown command.
You hit the jelly but do no damage.
Your hands burn!
* * * LOW HITPOINT WARNING * * *
The jelly hits you.
* * * LOW HITPOINT WARNING * * *
You are splashed with acid.
* * * LOW HITPOINT WARNING * * *
You hit the jelly but do no damage. The acid corrodes you!
Your hands burn!
* * * LOW HITPOINT WARNING * * *
The jelly hits you.
* * * LOW HITPOINT WARNING * * *
You are splashed with acid!
You die...

.........# #.# ...
#.#.....##..#### ...#
............... ...
#..)#.#...# .## #.#...#.#
..#. #.....# ....##....#.
#.....#
.......#...###..J..###
........#..#..#.@)#..#
.........###...#.#...#
........#...#...#)..#...#
.......#.....#..#..#.....#
..............#####.......
.......#.....#..# #.....#
........#...#...# #...#.
.........###...#.# ###..
........#..#..#...# #.


You could see a jelly.

Vanquished Creatures
  Grinder (D:3)
  An orc priest (D:4)
  2 iguanas (D:4)
  A sleepcap (D:4)
  An orc wizard (D:4)
  3 adders
  A dart slug (D:1)
  2 orcs (D:4)
  5 ball pythons
  2 endoplasms (D:1)
  A giant cockroach (D:4)
  3 goblins
  11 hobgoblins
  6 jackals
  5 kobolds
  2 quokkas
  7 bats
  4 frilled lizards
  2 rats (D:1)
60 creatures vanquished.

Notes
Turn   | Place    | Note
-------+----------+-------------------------------------------
     0 | D:1      | xian the Naga Fighter began the quest for the Orb.
     0 | D:1      | Reached XP level 1. HP: 21/21 MP: 1/1
   181 | D:1      | Reached XP level 2. HP: 28/28 MP: 2/2
   648 | D:1      | Reached XP level 3. HP: 34/34 MP: 3/3
  2284 | D:3      | Reached XP level 4. HP: 42/42 MP: 4/4
  2295 | D:3      | Noticed Grinder
  2299 | D:3      | Paralysed by Grinder for 4 turns
  2312 | D:3      | Paralysed by Grinder for 3 turns
  2316 | D:3      | Killed Grinder
  2317 | D:3      | Reached XP level 5. HP: 11/50 MP: 5/5
  2317 | D:3      | Reached XP level 6. HP: 13/57 MP: 6/6
  2728 | D:4      | Reached skill level 1 in Dodging
  2892 | D:4      | Splashed by a jelly's acid

Illustrated notes

Levels and vault maps discovered:
D:1:      lemuel_arrival_rhombus, layout_basic, minmay_tetromino_s2
D:2:      layout_loops_ring, serial_co_window_serial, co_window_paths_a,
          co_window_paths_b, co_window_of_opportunity_a,
          co_window_of_opportunity_a, co_window_paths_a, co_window_broadway_a,
          co_window_of_opportunity_b, co_window_broadway_c,
          co_window_of_opportunity_b, co_window_corner_b, co_window_broadway_a,
          co_window_broadway_a, glass_columns_c, glass_columns_b,
          glass_columns_b, glass_columns_b
D:3:      layout_loops_cross, uniq_grinder
D:4:      layout_rooms, serial_shops, nicolae_shop_trees, minmay_splitting_lines

Skill      XL: |  1  2  3  4  5  6 |
---------------+-------------------+-----
Armour         | 3 |  3.9
Shields        | 3 |  3.4
Axes           | 3 4 |  4.5
Dodging        | 1 |  1.0
Fighting       | 4 |  4.0
Stealth        | |  0.9

Action                     |  1- 3 |  4- 6 || total
---------------------------+-------+-------++-------
  Melee: War axe           |    62 |    56 ||   118
Ability: Spit Poison       |    32 |    14 ||    46
    Use: Scroll            |     1 |       ||     1
         Potion            |       |     1 ||     1
 Armour: Scale mail        |    49 |    24 ||    73
  Dodge: Dodged            |    25 |    16 ||    41
  Block: Buckler           |    27 |    12 ||    39

Table legend: (Time is in decaauts)
 A = Elapsed time spent in this place.
 B = Non-inter-level travel time spent in this place.
 C = Inter-level travel time spent in this place.
 D = Time resting spent in this place.
 E = Time spent auto-exploring this place.
 F = Levels seen in this place.
 G = Mean time per level.
                   A        B        C        D        E       F      G
               +--------+--------+--------+--------+--------+-----+--------+
         Total |   3861 |   3672 |    189 |      0 |   3089 |   4 |  965.2 |
       Dungeon |   3861 |   3672 |    189 |      0 |   3089 |   4 |  965.2 |
               +--------+--------+--------+--------+--------+-----+--------+

Top non-repeatable levels by time:
     D:2: 1446 daAuts
     D:1: 1234 daAuts
     D:3: 910 daAuts
     D:4: 269 daAuts
